 Dungeon Crawl Stone Soup version 0.25.1-2-g60ff931df9 (webtiles) character file.

Game seed: 16016333405072866555

12374 Asymodius the Basher (level 11, -5/84 HPs)
             Began as a Demonspawn Chaos Knight on Oct 27, 2020.
             Was a Plaything of Xom.
             Slain by a sun demon (15 damage)
             ... summoned by Xom
             ... on level 2 of the Lair of Beasts.
             The game lasted 01:32:16 (11892 turns).

Asymodius the Basher (Demonspawn Chaos Knight)     Turns: 11892, Time: 01:32:17

Health: -5/84      AC: 15    Str: 17      XL:     11   Next: 61%
Magic:  11/11      EV: 13    Int: 12 (13) God:    Xom [......]
Gold:   722        SH:  0    Dex: 20      Spells: 10/10 levels left

rFire    . . .     SeeInvis .   B - +6 glaive of Karar {vamp, Stlth+}
rCold    + . .     Gourm    .   (shield currently unavailable)
rNeg     . . .     Faith    .   P - +4 plate armour of the Maze {*Slow Dex+6}
rPois    +         Spirit   .   (helmet restricted)
rElec    +         Reflect  .   t - scarf {repulsion}
rCorr    .         Harm     .   N - +0 pair of gloves
MR       +....                  I - +1 pair of boots "Bollo" {rPois rC+ Dex+2}
Stlth    ..........             C - amulet of regeneration
HPRegen  0.64/turn              e - +4 ring of evasion
MPRegen  0.12/turn              u - ring of wizardry

@: confused, hasted, repel missiles, very quick
A: horns 1, talons 1, blurry vision 1, deformed body, demonic guardian 2, magic
resistance 1, powered by death 2, electricity resistance, sturdy frame 1
a: Renounce Religion


You were on level 2 of the Lair of Beasts.
You worshipped Xom.
You were a very special plaything of Xom.
You were not hungry.

You visited 2 branches of the dungeon, and saw 11 of its levels.

You collected 722 gold pieces.

Inventory:

Hand Weapons
 a - a +0 dire flail
 b - a +0 longbow
 v - a +3 quarterstaff of chaos
 y - a +0 mace of chaos
 B - the +6 glaive of Karar (weapon) {vamp, Stlth+}
   (You took it off an orc warrior on level 9 of the Dungeon)

   It inflicts no extra harm, but heals its wielder when it wounds a living foe.
   It makes you more stealthy.
 D - a -2 eveningstar
 G - a +1 vorpal hunting sling
 L - a +1 morningstar
Armour
 h - a +0 kite shield
 m - a scarf of invisibility
 n - a +0 chain mail of poison resistance
 p - a +2 plate armour of magic resistance
 t - a scarf of repulsion (worn)
 w - a +2 cloak
 x - a +0 kite shield
 E - a +0 plate armour
 I - the +1 pair of boots "Bollo" (worn) {rPois rC+ Dex+2}
   (You found it on level 8 of the Dungeon)

   It affects your dexterity (+2).
   It protects you from cold.
   It protects you from poison.
 K - a +0 pair of boots
 N - a +0 pair of gloves (worn)
 P - the +4 plate armour of the Maze (worn) {*Slow Dex+6}
   (You took it off an orc warrior on level 9 of the Dungeon)

   It affects your dexterity (+6).
   It may slow you when you take damage.
Jewellery
 e - a +4 ring of evasion (left hand)
 u - a ring of wizardry (right hand)
 C - an amulet of regeneration (around neck)
 F - an uncursed amulet of faith
 O - a cursed ring of teleportation
Wands
 i - a wand of polymorph (23)
 j - a wand of iceblast (2)
 Q - a wand of disintegration (17)
Scrolls
 d - 6 scrolls of identify
 f - 2 scrolls of random uselessness
 g - a scroll of vulnerability
 k - 5 scrolls of remove curse
 o - 4 scrolls of magic mapping
 q - 8 scrolls of teleportation
 r - 2 scrolls of amnesia
Potions
 l - a potion of berserk rage {unknown}
 s - a potion of haste
 z - 2 potions of degeneration
 H - a potion of cancellation
 J - a potion of flight
 M - 3 potions of curing
Comestibles
 c - 13 rations


   Skills:
 + Level 7.1 Fighting
 - Level 11.2 Maces & Flails
 * Level 5.3 Polearms
 + Level 6.9 Armour
 * Level 4.6 Dodging
 + Level 1.6 Stealth
 - Level 5.7 Shields
 + Level 2.3 Unarmed Combat


You had 10 spell levels left.
You didn't know any spells.
Your spell library contained the following spells:

 Spells                   Type           Power        Failure   Level  Hunger
 Magic Dart               Conj           #...         89%         1    ##.....
 Blink                    Tloc           N/A          96%         2    ###....
 Call Imp                 Summ           #.......     96%         2    ###....
 Slow                     Hex            #.......     96%         2    ###....
 Conjure Flame            Conj/Fire      #.......     99%         3    ####...
 Mephitic Cloud           Conj/Pois/Air  #.......     99%         3    ####...


Dungeon Overview and Level Annotations

Branches:
Dungeon (9/15)             Temple (0/1) D:4            Lair (2/6) D:9
    Orc (0/2) D:9
  Swamp: Lair:2-4    Shoals: Lair:2-4     Snake: Lair:2-4    Spider: Lair:2-4

Altars:
Elyvilon
Fedhas
Kikubaaqudgha
Makhleb
Qazlal
Uskayaw
Vehumet
Xom
Beogh

Shops:
D:6 }


Innate Abilities, Weirdness & Mutations

You have sharp toenails.
A demonic guardian rushes to your aid.
You regenerate health from kills.
Your movements are slightly less encumbered by armour. (ER -2)
You have a pair of small horns on your head.
Scrolls take you a little longer to read.
Armour fits poorly on your strangely shaped body.
You are resistant to hostile enchantments. (MR+)
You are resistant to electric shocks. (rElec)


Message History

The iron imp hits your smoke demon.
The blink frog barely misses your smoke demon.
The shadow imp hits your smoke demon.
Your soul eater hits the blink frog!
The chaos spawn hits your soul eater but does no damage.
The sun demon misses you.
Your smoke demon hits the shadow imp.
Your smoke demon hits the shadow imp but does no damage.
Your smoke demon closely misses the shadow imp.
The red devil hits your smoke demon from afar with a +0 trident.
The blink frog barely misses your smoke demon.
The shadow imp hits your smoke demon. The sun demon completely misses you.
Your soul eater misses the chaos spawn.
Your soul eater hits the blink frog!!
The chaos spawn hits your soul eater but does no damage.
The iron imp hits your smoke demon but does no damage.
Your smoke demon disappears in a puff of smoke!
The red devil hops backward while attacking.
The red devil hits your soul eater from afar with a +0 trident!
The sun demon hits you!
* * * LOW HITPOINT WARNING * * *
You are engulfed in flames!
You die...

## #..# .... .... ###...
..... ###..... .....
####....... ......
######..........
......###.....<.........
......†......##P.P......
#..3....####......
#@.F5...#.##......
#.#335....#..#.....
###4..[......#.....
##.54......P##.....
#..........###.....
#........>..###....
##..........## ##...
##..........### ####
#.[.........#.#


You could see a sun demon (summoned), a blink frog, a chaos spawn (summoned), a
red devil (summoned), an iron imp (summoned), a white imp (summoned), a shadow
imp (summoned, unaware) and 2 friendly soul eaters.

Vanquished Creatures
  A two-headed ogre (D:9)
  An elephant (D:9)
  2 spiny frogs (Lair:2)
  A komodo dragon (Lair:1)
  3 hippogriffs
  2 yaks (Lair:1)
  A basilisk (Lair:2)
  3 vampire mosquitoes (Lair:1)
  2 insubstantial wisps (Lair:1)
  5 water moccasins
  4 ice beasts
  A porcupine (Lair:1)
  13 orc warriors
  A necrophage (D:7)
  An ogre (D:7)
  2 wolves (Lair:2)
  3 crocodiles
  A big kobold (D:8)
  A wyvern zombie (D:9)
  5 bullfrogs
  A wyvern skeleton (D:8)
  A water moccasin zombie (D:6)
  5 scorpions
  3 killer bees (D:7)
  A howler monkey (D:6)
  7 electric eels (D:8)
  6 crimson imps
  2 centaur zombies
  6 hounds
  12 orc priests
  Crazy Yiuf (D:2)
  A jelly (D:3)
  3 orc wizards (D:7)
  Jessica (D:2)
  A bullfrog skeleton (D:6)
  2 centaur skeletons
  Terence (D:2)
  4 iguanas
  4 worker ants
  A hound zombie (D:8)
  A hound skeleton (D:6)
  A worker ant zombie (D:5)
  13 gnolls
  10 adders
  An adder zombie (D:8)
  3 worms
  2 dart slugs
  5 leopard geckos
  50 orcs
  9 bats
  4 giant cockroaches
  5 goblins
  7 hobgoblins
  15 jackals
  14 kobolds
  7 quokkas
  3 ball pythons
  7 frilled lizards
  A leopard gecko skeleton (D:5)
  A leopard gecko zombie (D:8)
  A quokka zombie (D:8)
  4 rats
  A fungus (D:5)
  3 plants
284 creatures vanquished.

Vanquished Creatures (collateral kills)
  Erolcha (D:9)
  Erica (D:9)
  2 two-headed ogres (D:9)
  A death yak (D:9)
  The ghost of raetorn the Covert, a novice VSBe of Trog (D:9)
  A troll (D:9)
  3 blink frogs (Lair:2)
  4 yaks (Lair:1)
  A basilisk (D:9)
  2 vampire mosquitoes (Lair:1)
  An ice beast (D:8)
  A sky beast (D:6)
  An orc warrior (D:9)
  An ogre (D:8)
  3 wolves (Lair:2)
  3 crocodiles
  Dowan (D:4)
  A scorpion (D:5)
  3 killer bees (D:7)
  A hound (D:9)
  A jelly (D:9)
  2 orc priests
  An orc wizard (D:3)
  A worker ant (D:9)
  A gnoll (D:5)
  An adder (D:5)
  An adder skeleton (D:9)
  13 orcs
54 creatures vanquished.

Vanquished Creatures (others)
  A quokka (D:5)
  A fungus (D:5)
  A plant (D:8)
3 creatures vanquished.

Grand Total: 341 creatures vanquished

Notes
Turn   | Place    | Note
-------+----------+-------------------------------------------
     0 | D:1      | Asymodius the Demonspawn Chaos Knight began the quest for
                  | the Orb.
     0 | D:1      | Reached XP level 1. HP: 18/18 MP: 1/1
     7 | D:1      | XOM: divination: detect creatures
    50 | D:1      | Reached skill level 3 in Maces & Flails
    71 | D:1      | Gained mutation: You have sharp toenails. [demonic
                  | ancestry]
    71 | D:1      | Reached XP level 2. HP: 24/24 MP: 2/2
   101 | D:1      | Reached skill level 1 in Dodging
   132 | D:1      | XOM: give mutations
   132 | D:1      | Gained mutation: You expend magic power (3 MP) to
                  | strengthen your wands. [Xom's grace]
   132 | D:1      | Gained mutation: You are resistant to electric shocks.
                  | (rElec) [Xom's grace]
   132 | D:1      | Gained mutation: Your flesh is cold resistant. (rC+) [Xom's
                  | grace]
   132 | D:1      | Gained mutation: Your flesh is heat resistant. (rF+) [Xom's
                  | grace]
   213 | D:1      | XOM: summons 2 hostile demons
   355 | D:1      | Reached XP level 3. HP: 29/29 MP: 3/3
  1213 | D:2      | XOM: stat loss: -1 Int (12/13)
  1447 | D:2      | Gained mutation: You regenerate a little health from kills.
                  | [demonic ancestry]
  1447 | D:2      | Reached XP level 4. HP: 31/37 MP: 4/4
  1486 | D:2      | XOM: silly message
  1593 | D:2      | Found a runed translucent door.
  1690 | D:2      | Noticed Terence
  1697 | D:2      | Killed Terence
  1753 | D:2      | XOM: divination: magic mapping
  1825 | D:2      | Noticed Jessica
  1833 | D:2      | Killed Jessica
  1969 | D:2      | Reached skill level 4 in Maces & Flails
  2140 | D:2      | XOM: silly message
  2196 | D:2      | Noticed Crazy Yiuf
  2209 | D:2      | Paralysed by Crazy Yiuf for 5 turns
  2215 | D:2      | Killed Crazy Yiuf
  2215 | D:2      | Gained mutation: You regenerate health from kills. [demonic
                  | ancestry]
  2215 | D:2      | Reached XP level 5. HP: 12/42 MP: 5/5
  2406 | D:3      | Reached skill level 1 in Unarmed Combat
  2437 | D:3      | XOM: silly message
  2654 | D:3      | XOM: divination: magic mapping
  2887 | D:3      | XOM: silly message
  2993 | D:3      | XOM: scenery: create altars
  2999 | D:3      | Reached XP level 6. HP: 23/48 MP: 6/6
  3002 | D:3      | XOM is BORED!
  3002 | D:3      | XOM: polymorph orc priest -> scorpion
  3016 | D:3      | Reached skill level 1 in Stealth
  3277 | D:3      | Found a stormy altar of Qazlal.
  3279 | D:3      | Noticed an air elemental
  3280 | D:3      | Noticed a fire elemental
  3280 | D:3      | Noticed a water elemental
  3396 | D:3      | XOM: summons 3 friendly demons
  3504 | D:4      | Found a staircase to the Ecumenical Temple.
  3504 | D:4      | XOM: scenery: 1 fountains blood, 1 doors close
  3539 | D:4      | XOM: swap monsters
  3633 | D:4      | Found a blossoming altar of Fedhas.
  3989 | D:4      | Noticed Duvessa
  3989 | D:4      | Noticed Duvessa
  3989 | D:4      | Duvessa changed into Duvessa the scorpion
  3989 | D:4      | XOM: polymorph Duvessa -> Duvessa the scorpion
  3992 | D:4      | Noticed Dowan
  3998 | D:4      | Killed Duvessa the scorpion
  3998 | D:4      | Gained mutation: A weak demonic guardian rushes to your
                  | aid. [demonic ancestry]
  3998 | D:4      | Reached XP level 7. HP: 45/55 MP: 7/7
  4005 | D:4      | XOM: butterfly on damage
  4012 | D:4      | Killed Dowan
  4186 | D:4      | XOM: give mutations
  4186 | D:4      | Lost mutation: Your flesh is cold resistant. (rC+) [Xom's
                  | mischief]
  4186 | D:4      | Lost mutation: You expend magic power (3 MP) to strengthen
                  | your wands. [Xom's mischief]
  4186 | D:4      | Gained mutation: Your system is resistant to poisons.
                  | (rPois) [Xom's mischief]
  4186 | D:4      | Gained mutation: You possess an exceptional clarity of
                  | mind. [Xom's mischief]
  4233 | D:4      | XOM: give mutations
  4233 | D:4      | Gained mutation: You expend magic power (3 MP) to
                  | strengthen your wands. [Xom's grace]
  4233 | D:4      | Gained mutation: Your spells are a little harder to cast,
                  | but a little more powerful. [Xom's grace]
  4233 | D:4      | Gained mutation: Your spells are harder to cast, but more
                  | powerful. [Xom's grace]
  4351 | D:4      | XOM: scenery: create altars
  4382 | D:4      | Reached skill level 5 in Maces & Flails
  4382 | D:4      | Reached skill level 1 in Shields
  4435 | D:5      | Entered Level 5 of the Dungeon
  4479 | D:5      | Found a white marble altar of Elyvilon.
  4479 | D:5      | XOM: 9-stop teleportation journey
  4539 | D:5      | XOM: stat loss: -1 Dex (11/12)
  4619 | D:5      | XOM: summons 4 hostile demons
  4646 | D:5      | XOM: polymorph iron imp -> crimson imp
  4927 | D:5      | XOM: summons 5 friendly demons
  5094 | D:5      | XOM: god gift: scroll labeled XOPRU SEQOEZXAP {god gift}
  5431 | D:6      | XOM: enchant monster (good)
  5479 | D:6      | Reached XP level 8. HP: 58/61 MP: 8/8
  5580 | D:6      | Found Ceoliut's Gadget Shop.
  5789 | D:6      | XOM: 1-stop teleportation journey
  6015 | D:6      | Reached skill level 6 in Maces & Flails
  6217 | D:6      | XOM: give mutations
  6217 | D:6      | Gained mutation: Scrolls take you a little longer to read.
                  | [Xom's mischief]
  6217 | D:6      | Lost mutation: Scrolls take you a little longer to read.
                  | [Xom's mischief]
  6217 | D:6      | Lost mutation: You possess an exceptional clarity of mind.
                  | [Xom's mischief]
  6217 | D:6      | Gained mutation: You are frail. (-10% HP) [Xom's mischief]
  6328 | D:6      | XOM: polymorph white imp -> crimson imp
  6337 | D:6      | Reached skill level 5 in Fighting
  6598 | D:7      | You fall into a shaft and drop 2 floors!
  6667 | D:9      | Noticed a two-headed ogre
  6668 | D:9      | XOM: noise
  6676 | D:9      | Killed a two-headed ogre
  6676 | D:9      | Reached skill level 7 in Maces & Flails
  6676 | D:9      | Reached skill level 5 in Armour
  6676 | D:9      | Gained mutation: A demonic guardian rushes to your aid.
                  | [demonic ancestry]
  6676 | D:9      | Reached XP level 9. HP: 36/61 MP: 9/9
  6861 | D:9      | Noticed a two-headed ogre
  6863 | D:9      | Noticed a death yak
  6865 | D:9      | Killed a two-headed ogre
  6865 | D:9      | Reached skill level 8 in Maces & Flails
  6866 | D:9      | Noticed an elephant
  6870 | D:9      | XOM: 1-stop teleportation journey
  6959 | D:9      | XOM: confusion (+ monsters)
  7042 | D:9      | Killed a death yak
  7042 | D:9      | Reached skill level 9 in Maces & Flails
  7046 | D:9      | Found a staircase to the Lair.
  7059 | D:9      | Killed an elephant
  7269 | D:9      | XOM: 1-stop teleportation journey
  7270 | D:9      | Noticed a troll
  7281 | D:9      | Killed a troll
  7281 | D:9      | Reached XP level 10. HP: 23/68 MP: 10/10
  7331 | D:9      | XOM: god gift: scroll of fear
  7339 | D:9      | Found a hide-covered altar of Uskayaw.
  7339 | D:9      | Noticed a +0 hand axe
  7340 | D:9      | Noticed a +0 dagger
  7374 | D:9      | XOM: summons 7 friendly demons
  7410 | D:9      | Noticed Erolcha
  7410 | D:9      | XOM: divination: detect items
  7415 | D:9      | XOM: potion effect (stabbing)
  7417 | D:9      | Killed Erolcha
  7468 | D:9      | Found a radiant altar of Vehumet.
  7492 | D:9      | Lost mutation: You expend magic power (3 MP) to strengthen
                  | your wands. [potion of mutation]
  7492 | D:9      | Lost mutation: Your spells are harder to cast, but more
                  | powerful. [potion of mutation]
  7492 | D:9      | Lost mutation: Your flesh is heat resistant. (rF+) [potion
                  | of mutation]
  7492 | D:9      | Lost mutation: Your system is resistant to poisons. (rPois)
                  | [potion of mutation]
  7492 | D:9      | Gained mutation: You have a pair of small horns on your
                  | head. [potion of mutation]
  7492 | D:9      | Lost mutation: Your spells are a little harder to cast, but
                  | a little more powerful. [potion of mutation]
  7492 | D:9      | Gained mutation: You are resistant to hostile enchantments.
                  | (MR+) [potion of mutation]
  7637 | D:9      | Found a roughly hewn altar of Beogh.
  7637 | D:9      | Found a staircase to the Orcish Mines.
  7733 | D:9      | Noticed Erica
  7735 | D:9      | XOM: potion effect (invisibility)
  7737 | D:9      | Reached skill level 10 in Maces & Flails
  7748 | D:9      | Killed Erica
  7755 | D:9      | XOM: summons 4 hostile demons
  7857 | D:8      | Reached skill level 5 in Shields
  7896 | D:8      | XOM: confusion
  8015 | D:7      | XOM: noise
  8053 | D:7      | XOM: scenery: create altars
  8302 | D:7      | XOM: god gift: 3 atropa-tipped darts
  8555 | D:7      | XOM: scenery: create altars
  8856 | D:7      | XOM: blink monster(s)
  8867 | D:7      | XOM: silly message
  8885 | D:7      | XOM: enchant monster (bad)
  8910 | D:7      | Found an ancient bone altar of Kikubaaqudgha.
  8923 | D:7      | XOM: blink monster(s)
  9003 | D:7      | XOM: give mutations
  9003 | D:7      | Lost mutation: You are frail. (-10% HP) [Xom's mischief]
  9003 | D:7      | Gained mutation: You are frail. (-10% HP) [Xom's mischief]
  9003 | D:7      | Gained mutation: Your body sometimes deteriorates upon
                  | taking damage. [Xom's mischief]
  9141 | D:8      | Found a burning altar of Makhleb.
  9425 | D:8      | Reached skill level 11 in Maces & Flails
  9447 | D:8      | Got a pair of translucent boots
  9459 | D:8      | Identified the +1 pair of boots "Bollo" {rPois rC+ Dex+2}
                  | (You found it on level 8 of the Dungeon)
  9627 | D:8      | Got a shimmering ring mail
  9628 | D:8      | Identified the cursed +0 ring mail "Xaawonic" {rF+} (You
                  | found it on level 8 of the Dungeon)
  9763 | D:9      | Found a runed translucent gate.
  9763 | D:9      | Found a runed translucent gate.
  9763 | D:9      | Found a runed translucent gate.
  9763 | D:9      | Identified the +6 glaive of Karar {vamp, Stlth+}
  9763 | D:9      | Identified the +4 plate armour of the Maze {*Slow Dex+6}
  9763 | D:9      | XOM: 1-stop teleportation journey
  9770 | D:9      | XOM: summons 6 hostile demons
  9807 | D:9      | XOM: give mutations
  9807 | D:9      | Gained mutation: Armour fits poorly on your strangely
                  | shaped body. [Xom's mischief]
  9807 | D:9      | Gained mutation: Scrolls take you a little longer to read.
                  | [Xom's mischief]
  9807 | D:9      | Lost mutation: You are frail. (-10% HP) [Xom's mischief]
  9807 | D:9      | Gained mutation: Scrolls take you longer to read. [Xom's
                  | mischief]
  9910 | D:9      | Noticed raetorn's ghost (novice VSBe)
  9918 | D:9      | Found a roughly hewn altar of Beogh.
  9919 | D:9      | Found the +10 Black Knight's horse barding {ponderous,
                  | rPois rN+}
  9926 | D:9      | XOM: confuse monster(s)
  9943 | D:9      | Killed raetorn's ghost
  9943 | D:9      | Gained mutation: Your movements are slightly less
                  | encumbered by armour. (ER -2) [demonic ancestry]
  9943 | D:9      | Reached XP level 11. HP: 69/83 MP: 11/11
  9951 | D:9      | XOM: summons 2 friendly demons
  9962 | D:9      | XOM: repel stairs
 10120 | D:9      | XOM: summons 4 hostile shadow creatures
 10121 | D:9      | Noticed a two-headed ogre
 10279 | D:9      | Noticed a two-headed ogre
 10279 | D:9      | XOM: 3-stop teleportation journey
 10325 | D:9      | Killed a two-headed ogre
 10527 | D:9      | XOM: stat loss: -1 Dex (17/20)
 10563 | Lair:1   | Entered Level 1 of the Lair of Beasts
 10573 | Lair:1   | Reached skill level 1 in Polearms
 10657 | Lair:1   | XOM: 1-stop teleportation journey
 10998 | Lair:1   | XOM: polymorph black mamba -> komodo dragon
 11193 | Lair:1   | XOM: stat loss: -1 Dex (17/20)
 11362 | Lair:1   | XOM: give mutations
 11362 | Lair:1   | Lost mutation: Scrolls take you longer to read. [Xom's
                  | mischief]
 11362 | Lair:1   | Lost mutation: Your body sometimes deteriorates upon taking
                  | damage. [Xom's mischief]
 11395 | Lair:1   | XOM: noise
 11584 | Lair:2   | XOM: smoke on damage
 11782 | Lair:2   | Reached skill level 5 in Polearms
 11873 | Lair:2   | XOM: blink monster(s)
 11883 | Lair:2   | XOM: summons 6 hostile demons
 11884 | Lair:2   | Noticed a sun demon
 11886 | Lair:2   | HP: 3/84 [red devil/+0 trident[Xom] (6)]
 11892 | Lair:2   | Slain by a sun demon

Illustrated notes

Levels and vault maps discovered:
D:1:      saegor_arrival_miasma, layout_basic, hex_medium
D:2:      layout_loops_corners, nicolae_overflow_hidden_temple, uniq_terence,
          uniq_jessica, uniq_crazy_yiuf_cottage
D:3:      layout_basic, nicolae_qazlal_style_of_elements,
          wander_ebering_terrifying_dragon_lair
D:4:      layout_basic, fedhas_ov_isle_minmay, minmay_temple_entry_hall,
          first_ration, uniq_duvessa
D:5:      old_forge, layout_basic, serial_curves, eino_curves_03,
          eino_curves_03, elyvilon_altar_4
D:6:      layout_gridville, serial_shops, shop, hangedman_minor_gate_pass
D:7:      layout_layer_cave, old_standard_altar, minmay_misc_feat_square
D:8:      layout_basic, lemuel_round_altar, serial_bayou_lagoon_b
D:9:      layout_basic, lemuel_coloured_pillars_altar, dancing_weapons_uskayaw,
          david_lair_generic, david_orc_5, special_room [special_room_orc],
          biasface_ghost_orc_armoury, uniq_erica, uniq_erolcha
Lair:1:   layout_cave_pods, pond, grunt_megastairs_3
Lair:2:   layout_cave_pods, serial_bayou_shore_b, grunt_megastairs_2

Skill      XL: |  1  2  3  4  5  6  7  8  9 10 11 |
---------------+----------------------------------+-----
Maces & Flails | 3 4 5 7 9 11 | 11.2
Dodging        | 1 2 3 4 |  4.6
Armour         | 2 4 5 6 |  6.9
Unarmed Combat | 1 2 |  2.3
Fighting       | 4 5 6 7 |  7.1
Stealth        | 1 |  1.6
Shields        | 2 3 4 5 |  5.7
Polearms       | 5 |  5.3

Action                   |  1- 3 |  4- 6 |  7- 9 | 10-12 || total
-------------------------+-------+-------+-------+-------++-------
Melee: Mace              |   114 |     6 |       |       ||   120
       Kick              |    18 |    37 |    62 |       ||   117
       Morningstar       |       |   179 |   379 |   407 ||   965
       Eveningstar       |       |       |     6 |       ||     6
       Headbutt          |       |       |       |    93 ||    93
       Glaive            |       |       |       |   136 ||   136
Evoke: Wand              |       |       |       |     2 ||     2
  Use: Potion            |       |     5 |     4 |    12 ||    21
       Scroll            |       |       |    11 |     7 ||    18
 Stab: Sleeping          |     1 |     2 |       |     1 ||     4
       Distracted        |       |     1 |       |     3 ||     4
       Invisible         |       |       |       |     1 ||     1
  Eat: Chunk             |     2 |     8 |     8 |     6 ||    24
       Ration            |       |       |     1 |     3 ||     4
Armor: Leather armour    |    41 |       |       |       ||    41
       Robe              |       |    30 |       |       ||    30
       Chain mail        |       |    29 |   203 |    64 ||   296
       Plate armour      |       |       |       |   208 ||   208
Dodge: Dodged            |   108 |   165 |   147 |   271 ||   691
       Repelled          |       |       |       |     1 ||     1
Block: Kite shield       |       |    16 |   150 |   215 ||   381
